Workbook

Sheet Segments
A5: General Electric Company (NYSE:GE) > Financials > Segments
A7: In Millions of the reported currency. | B7: View By: | C7: Line Items | E7: Restatement: | F7: Latest Filings
B8: Period Type: | C8: Annual | E8: Order: | F8: Latest on Right
B9: Currency: | C9: Reported Currency | E9: Conversion: | F9: Today's Spot Rate
B10: Units: | C10: S&P Capital IQ (Default) | E10: Decimals: | F10: Capital IQ (Default)
A13: Business Segments
A14: For the Fiscal Period Ending | B14: Reclassified 12 months Dec-31-1998 | C14: Reclassified 12 months Dec-31-1999 | D14: Reclassified 12 months Dec-31-2000 | E14: Reclassified 12 months Dec-31-2001 | F14: Restated 12 months Dec-31-2002 | G14: Restated 12 months Dec-31-2003 | H14: Restated 12 months Dec-31-2004 | I14: Restated 12 months Dec-31-2005 | J14: Restated 12 months Dec-31-2006 | K14: Reclassified 12 months Dec-31-2007 | L14: Reclassified 12 months Dec-31-2008 | M14: Reclassified 12 months Dec-31-2009 | N14: Reclassified 12 months Dec-31-2010 | O14: Reclassified 12 months Dec-31-2011 | P14: Restated 12 months Dec-31-2012 | Q14: Restated 12 months Dec-31-2013 | R14: Restated 12 months Dec-31-2014 | S14: Reclassified 12 months Dec-31-2015 | T14: 12 months Dec-31-2016 | U14: 12 months Dec-31-2017
A15: Currency | B15: USD | C15: USD | D15: USD | E15: USD | F15: USD | G15: USD | H15: USD | I15: USD | J15: USD | K15: USD | L15: USD | M15: USD | N15: USD | O15: USD | P15: USD | Q15: USD | R15: USD | S15: USD | T15: USD | U15: USD
A16: Revenues
A17: Renewable Energy | B17: - | C17: - | D17: - | E17: - | F17: - | G17: - | H17: - | I17: - | J17: - | K17: - | L17: - | M17: - | N17: - | O17: - | P17: - | Q17: 4824 | R17: 6399 | S17: 6273 | T17: 9033 | U17: 10280
A18: Oil & Gas | B18: - | C18: - | D18: - | E18: - | F18: - | G18: - | H18: - | I18: - | J18: - | K18: - | L18: - | M18: - | N18: 9433 | O18: 13608 | P18: 15241 | Q18: 17341 | R18: 19085 | S18: 16450 | T18: 12898 | U18: 17231
A19: Aviation | B19: - | C19: - | D19: - | E19: - | F19: - | G19: - | H19: - | I19: - | J19: - | K19: - | L19: - | M19: 18728 | N19: 17619 | O19: 18859 | P19: 19994 | Q19: 21911 | R19: 23990 | S19: 24660 | T19: 26261 | U19: 27375
A20: Healthcare | B20: - | C20: - | D20: - | E20: 8409 | F20: 8955 | G20: 10198 | H20: 13456 | I20: 15016 | J20: - | K20: - | L20: - | M20: 16015 | N20: 16897 | O20: 18083 | P20: 18290 | Q20: 18200 | R20: 18299 | S20: 17639 | T20: 18291 | U20: 19116
A21: Transportation | B21: - | C21: - | D21: - | E21: 2355 | F21: 13685 | G21: - | H21: - | I21: - | J21: - | K21: - | L21: - | M21: 3827 | N21: 3370 | O21: 4885 | P21: 5608 | Q21: 5885 | R21: 5650 | S21: 5933 | T21: 4713 | U21: 4178
A22: Lighting | B22: - | C22: - | D22: - | E22: - | F22: - | G22: - | H22: - | I22: - | J22: - | K22: - | L22: - | M22: - | N22: - | O22: - | P22: - | Q22: - | R22: - | S22: 8751 | T22: 4823 | U22: 1987
A23: Capital | B23: - | C23: - | D23: - | E23: - | F23: - | G23: - | H23: - | I23: - | J23: 56378 | K23: 66301 | L23: 67645 | M23: 48906 | N23: 49856 | O23: 48324 | P23: 26571 | Q23: 11267 | R23: 11320 | S23: 10801 | T23: 10905 | U23: 9070
A24: Corporate Items and Eliminations | B24: - | C24: - | D24: -2304 | E24: -2819 | F24: -1662 | G24: 5023 | H24: 4596 | I24: 3775 | J24: 2892 | K24: 4609 | L24: 2199 | M24: 17871 | N24: 14495 | O24: 2993 | P24: -1491 | Q24: -1405 | R24: -3863 | S24: -2024 | T24: -26 | U24: -3135
A25: Power | B25: - | C25: - | D25: - | E25: - | F25: - | G25: - | H25: - | I25: - | J25: - | K25: - | L25: - | M25: - | N25: - | O25: - | P25: - | Q25: 19315 | R25: 20580 | S25: 28903 | T25: 36795 | U25: 35990
A26: Energy Connections & Lighting | B26: - | C26: - | D26: - | E26: - | F26: - | G26: - | H26: - | I26: - | J26: - | K26: - | L26: - | M26: - | N26: - | O26: - | P26: - | Q26: - | R26: 15724 | S26: - | T26: - | U26: -
A27: Energy Connections | B27: - | C27: - | D27: - | E27: - | F27: - | G27: - | H27: - | I27: - | J27: - | K27: - | L27: - | M27: - | N27: 5161 | O27: 6422 | P27: 7412 | Q27: 7569 | R27: - | S27: - | T27: - | U27: -
A28: Appliances & Lighting | B28: - | C28: - | D28: - | E28: - | F28: - | G28: - | H28: - | I28: - | J28: - | K28: - | L28: 10117 | M28: 8443 | N28: 7957 | O28: 7693 | P28: 7967 | Q28: 8338 | R28: - | S28: - | T28: - | U28: -
A29: Power & Water | B29: - | C29: - | D29: - | E29: - | F29: - | G29: - | H29: - | I29: - | J29: - | K29: - | L29: - | M29: - | N29: 24779 | O29: 25675 | P29: 28299 | Q29: - | R29: - | S29: - | T29: - | U29: -
A30: Energy Infrastructure | B30: 8500 | C30: 10099 | D30: 14861 | E30: 20211 | F30: 23633 | G30: - | H30: - | I30: - | J30: 25221 | K30: 30698 | L30: 43046 | M30: 40648 | N30: - | O30: - | P30: - | Q30: - | R30: - | S30: - | T30: - | U30: -
A31: Technology Infrastructure | B31: 5323 | C31: 6863 | D31: 7915 | E31: - | F31: - | G31: - | H31: - | I31: - | J31: 37687 | K31: 42801 | L31: 41605 | M31: - | N31: - | O31: - | P31: - | Q31: - | R31: - | S31: - | T31: - | U31: -
A32: NBC Universal | B32: 5269 | C32: 5790 | D32: 6797 | E32: 5769 | F32: 7149 | G32: 6871 | H32: 12886 | I32: 14689 | J32: 16188 | K32: 15416 | L32: 16969 | M32: - | N32: - | O32: - | P32: - | Q32: - | R32: - | S32: - | T32: - | U32: -
A33: Consumer and Industrial | B33: - | C33: - | D33: - | E33: - | F33: 12887 | G33: - | H33: - | I33: - | J33: 13202 | K33: 12663 | L33: - | M33: - | N33: - | O33: - | P33: - | Q33: - | R33: - | S33: - | T33: - | U33: -
A34: Infrastructure (Energy and Transportation) | B34: - | C34: - | D34: - | E34: - | F34: - | G34: 36569 | H34: 37373 | I34: 41695 | J34: - | K34: - | L34: - | M34: - | N34: - | O34: - | P34: - | Q34: - | R34: - | S34: - | T34: - | U34: -
A35: Commercial Finance (Incl. Insurance) | B35: - | C35: - | D35: - | E35: - | F35: - | G35: 16927 | H35: 19524 | I35: 27273 | J35: - | K35: - | L35: - | M35: - | N35: - | O35: - | P35: - | Q35: - | R35: - | S35: - | T35: - | U35: -
A36: GE Money | B36: - | C36: - | D36: 9320 | E36: 9508 | F36: 10266 | G36: 12845 | H36: 15734 | I36: 17072 | J36: - | K36: - | L36: - | M36: - | N36: - | O36: - | P36: - | Q36: - | R36: - | S36: - | T36: - | U36: -
A37: Industrial (Consumer & Industrial and Advanced Materials) | B37: - | C37: - | D37: - | E37: - | F37: - | G37: 24988 | H37: 30722 | I37: 17060 | J37: - | K37: - | L37: - | M37: - | N37: - | O37: - | P37: - | Q37: - | R37: - | S37: - | T37: - | U37: -
A38: Commercial Finance | B38: - | C38: - | D38: 11982 | E38: 15759 | F38: 19592 | G38: - | H38: - | I38: - | J38: - | K38: - | L38: - | M38: - | N38: - | O38: - | P38: - | Q38: - | R38: - | S38: - | T38: - | U38: -
A39: Plastics | B39: 6633 | C39: 7118 | D39: 8020 | E39: 5252 | F39: 6963 | G39: - | H39: - | I39: - | J39: - | K39: - | L39: - | M39: - | N39: - | O39: - | P39: - | Q39: - | R39: - | S39: - | T39: - | U39: -
A40: Industrial Products | B40: - | C40: - | D40: 4969 | E40: 4904 | F40: 5561 | G40: - | H40: - | I40: - | J40: - | K40: - | L40: - | M40: - | N40: - | O40: - | P40: - | Q40: - | R40: - | S40: - | T40: - | U40: -
A41: Infrastructure | B41: - | C41: - | D41: - | E41: - | F41: 1901 | G41: - | H41: - | I41: - | J41: - | K41: - | L41: - | M41: - | N41: - | O41: - | P41: - | Q41: - | R41: - | S41: - | T41: - | U41: -
A42: Insurance | B42: - | C42: - | D42: 24766 | E42: 23890 | F42: 23296 | G42: - | H42: - | I42: - | J42: - | K42: - | L42: - | M42: - | N42: - | O42: - | P42: - | Q42: - | R42: - | S42: - | T42: - | U42: -
A43: Aircraft Engines | B43: 10294 | C43: 10730 | D43: 10779 | E43: 11389 | F43: - | G43: - | H43: - | I43: - | J43: - | K43: - | L43: - | M43: - | N43: - | O43: - | P43: - | Q43: - | R43: - | S43: - | T43: - | U43: -
A44: Consumer Products | B44: - | C44: - | D44: 8717 | E44: 8435 | F44: - | G44: - | H44: - | I44: - | J44: - | K44: - | L44: - | M44: - | N44: - | O44: - | P44: - | Q44: - | R44: - | S44: - | T44: - | U44: -
A45: Industrial Products and Systems | B45: 11222 | C45: 11399 | D45: 8891 | E45: 6742 | F45: - | G45: - | H45: - | I45: - | J45: - | K45: - | L45: - | M45: - | N45: - | O45: - | P45: - | Q45: - | R45: - | S45: - | T45: - | U45: -
A46: Specialty Materials (Excl. Plastics) | B46: - | C46: - | D46: - | E46: 1817 | F46: - | G46: - | H46: - | I46: - | J46: - | K46: - | L46: - | M46: - | N46: - | O46: - | P46: - | Q46: - | R46: - | S46: - | T46: - | U46: -
A47: GECS | B47: 48694 | C47: 55749 | D47: 15140 | E47: 4795 | F47: - | G47: - | H47: - | I47: - | J47: - | K47: - | L47: - | M47: - | N47: - | O47: - | P47: - | Q47: - | R47: - | S47: - | T47: - | U47: -
A48: Appliances | B48: 5619 | C48: 5671 | D48: - | E48: - | F48: - | G48: - | H48: - | I48: - | J48: - | K48: - | L48: - | M48: - | N48: - | O48: - | P48: - | Q48: - | R48: - | S48: - | T48: - | U48: -
A49: Eliminations | B49: -5652 | C49: -6851 | D49: - | E49: - | F49: - | G49: - | H49: - | I49: - | J49: - | K49: - | L49: - | M49: - | N49: - | O49: - | P49: - | Q49: - | R49: - | S49: - | T49: - | U49: -
A50: Corporate Items | B50: 771 | C50: 619 | D50: - | E50: - | F50: - | G50: - | H50: - | I50: - | J50: - | K50: - | L50: - | M50: - | N50: - | O50: - | P50: - | Q50: - | R50: - | S50: - | T50: - | U50: -
A51: Unallocated GECS Net Earnings | B51: 3796 | C51: 4443 | D51: - | E51: - | F51: - | G51: - | H51: - | I51: - | J51: - | K51: - | L51: - | M51: - | N51: - | O51: - | P51: - | Q51: - | R51: - | S51: - | T51: - | U51: -
A52: Total Revenues | B52: 100469 | C52: 111630 | D52: 129853 | E52: 126416 | F52: 132226 | G52: 113421 | H52: 134291 | I52: 136580 | J52: 151568 | K52: 172488 | L52: 181581 | M52: 154438 | N52: 149567 | O52: 146542 | P52: 127891 | Q52: 113245 | R52: 117184 | S52: 117386 | T52: 123693 | U52: 122092
A54: Interest Expense
A55: Capital | B55: - | C55: - | D55: - | E55: - | F55: - | G55: - | H55: - | I55: - | J55: - | K55: - | L55: - | M55: - | N55: - | O55: - | P55: - | Q55: - | R55: -1638 | S55: - | T55: - | U55: -3145
A56: Corporate Items and Eliminations | B56: - | C56: - | D56: - | E56: - | F56: - | G56: - | H56: - | I56: - | J56: - | K56: - | L56: - | M56: - | N56: - | O56: - | P56: - | Q56: - | R56: -1085 | S56: - | T56: - | U56: -1724
A57: Total Interest Expense | B57: - | C57: - | D57: - | E57: - | F57: - | G57: - | H57: - | I57: - | J57: - | K57: - | L57: - | M57: - | N57: - | O57: - | P57: - | Q57: - | R57: -2723 | S57: - | T57: - | U57: -4869
A59: Tax Expense
A60: Capital | B60: - | C60: - | D60: - | E60: - | F60: - | G60: - | H60: - | I60: - | J60: 1560 | K60: 1225 | L60: -2137 | M60: -3807 | N60: -985 | O60: 906 | P60: 513 | Q60: -448 | R60: -861 | S60: 4979 | T60: -1431 | U60: -6302
A61: Corporate Items and Eliminations | B61: - | C61: - | D61: - | E61: - | F61: - | G61: 3027 | H61: 2165 | I61: 2601 | J61: 2384 | K61: 2930 | L61: 3239 | M61: 2665 | N61: 2024 | O61: - | P61: 2013 | Q61: 1667 | R61: 1634 | S61: 1506 | T61: 967 | U61: 3259
A62: Corporate | B62: - | C62: - | D62: - | E62: - | F62: - | G62: - | H62: - | I62: - | J62: - | K62: - | L62: - | M62: - | N62: - | O62: 4839 | P62: - | Q62: - | R62: - | S62: - | T62: - | U62: -
A63: Infrastructure (Energy and Transportation) | B63: - | C63: - | D63: - | E63: - | F63: - | G63: 243 | H63: 62 | I63: -202 | J63: - | K63: - | L63: - | M63: - | N63: - | O63: - | P63: - | Q63: - | R63: - | S63: - | T63: - | U63: -
A64: Commercial Finance (Incl. Insurance) | B64: - | C64: - | D64: - | E64: - | F64: - | G64: 493 | H64: 1144 | I64: 1035 | J64: - | K64: - | L64: - | M64: - | N64: - | O64: - | P64: - | Q64: - | R64: - | S64: - | T64: - | U64: -
A65: GE Money | B65: - | C65: - | D65: - | E65: - | F65: - | G65: 458 | H65: 449 | I65: 390 | J65: - | K65: - | L65: - | M65: - | N65: - | O65: - | P65: - | Q65: - | R65: - | S65: - | T65: - | U65: -
A66: Industrial (Consumer & Industrial and Advanced Materials) | B66: - | C66: - | D66: - | E66: - | F66: - | G66: -165 | H66: -124 | I66: - | J66: - | K66: - | L66: - | M66: - | N66: - | O66: - | P66: - | Q66: - | R66: - | S66: - | T66: - | U66: -
A67: Total Tax Expense | B67: - | C67: - | D67: - | E67: - | F67: - | G67: 4056 | H67: 3696 | I67: 3824 | J67: 3944 | K67: 4155 | L67: 1102 | M67: -1142 | N67: 1039 | O67: 5745 | P67: 2526 | Q67: 1219 | R67: 773 | S67: 6485 | T67: -464 | U67: -3043
A69: Operating Profit After Tax
A70: Renewable Energy | B70: - | C70: - | D70: - | E70: - | F70: - | G70: - | H70: - | I70: - | J70: - | K70: - | L70: - | M70: - | N70: - | O70: - | P70: - | Q70: 485 | R70: 694 | S70: 431 | T70: 576 | U70: 727
A71: Oil & Gas | B71: - | C71: - | D71: - | E71: - | F71: - | G71: - | H71: - | I71: - | J71: - | K71: - | L71: - | M71: - | N71: 1406 | O71: 1660 | P71: - | Q71: 2357 | R71: 2758 | S71: 2427 | T71: 1392 | U71: 220
A72: Aviation | B72: - | C72: - | D72: - | E72: - | F72: - | G72: - | H72: - | I72: - | J72: - | K72: - | L72: - | M72: 3923 | N72: 3304 | O72: 3512 | P72: - | Q72: 4345 | R72: 4973 | S72: 5507 | T72: 6115 | U72: 6642
A73: Healthcare | B73: - | C73: - | D73: - | E73: 1498 | F73: 1546 | G73: 1701 | H73: 2286 | I73: 2601 | J73: - | K73: - | L73: - | M73: 2420 | N73: 2741 | O73: 2803 | P73: - | Q73: 3048 | R73: 3047 | S73: 2882 | T73: 3161 | U73: 3448
A74: Transportation | B74: - | C74: - | D74: - | E74: 400 | F74: 2510 | G74: - | H74: - | I74: - | J74: - | K74: - | L74: - | M74: 473 | N74: 315 | O74: 757 | P74: - | Q74: 1166 | R74: 1130 | S74: 1273 | T74: 1064 | U74: 824
A75: Lighting | B75: - | C75: - | D75: - | E75: - | F75: - | G75: - | H75: - | I75: - | J75: - | K75: - | L75: - | M75: - | N75: - | O75: - | P75: - | Q75: - | R75: - | S75: 674 | T75: 199 | U75: 93
A76: Capital | B76: - | C76: - | D76: - | E76: - | F76: - | G76: - | H76: - | I76: - | J76: 10397 | K76: 12243 | L76: 8063 | M76: 1325 | N76: 3120 | O76: 6480 | P76: - | Q76: 401 | R76: 1209 | S76: -7983 | T76: -1251 | U76: -6765
A77: Power | B77: - | C77: - | D77: - | E77: - | F77: - | G77: - | H77: - | I77: - | J77: - | K77: - | L77: - | M77: - | N77: - | O77: - | P77: - | Q77: 4328 | R77: 4486 | S77: 4772 | T77: 5091 | U77: 2786
A78: Energy Connections & Lighting | B78: - | C78: - | D78: - | E78: - | F78: - | G78: - | H78: - | I78: - | J78: - | K78: - | L78: - | M78: - | N78: - | O78: - | P78: - | Q78: - | R78: 677 | S78: - | T78: - | U78: -
A79: Energy Connections | B79: - | C79: - | D79: - | E79: - | F79: - | G79: - | H79: - | I79: - | J79: - | K79: - | L79: - | M79: - | N79: 156 | O79: 78 | P79: - | Q79: 110 | R79: - | S79: - | T79: - | U79: -
A80: Appliances & Lighting | B80: - | C80: - | D80: - | E80: - | F80: - | G80: - | H80: - | I80: - | J80: - | K80: - | L80: 365 | M80: 370 | N80: 404 | O80: 237 | P80: - | Q80: 381 | R80: - | S80: - | T80: - | U80: -
A81: Power & Water | B81: - | C81: - | D81: - | E81: - | F81: - | G81: - | H81: - | I81: - | J81: - | K81: - | L81: - | M81: - | N81: 5804 | O81: 5021 | P81: - | Q81: - | R81: - | S81: - | T81: - | U81: -
A82: Energy Infrastructure | B82: - | C82: - | D82: - | E82: 4860 | F82: 6294 | G82: - | H82: - | I82: - | J82: 3518 | K82: 4817 | L82: 6497 | M82: 7105 | N82: - | O82: - | P82: - | Q82: - | R82: - | S82: - | T82: - | U82: -
A83: Technology Infrastructure | B83: - | C83: - | D83: - | E83: - | F83: - | G83: - | H83: - | I83: - | J83: 7308 | K83: 7883 | L83: 7460 | M83: - | N83: - | O83: - | P83: - | Q83: - | R83: - | S83: - | T83: - | U83: -
A84: NBC Universal | B84: - | C84: - | D84: - | E84: 1408 | F84: 1658 | G84: 1998 | H84: 2558 | I84: 3092 | J84: 2919 | K84: 3107 | L84: 3131 | M84: - | N84: - | O84: - | P84: - | Q84: - | R84: - | S84: - | T84: - | U84: -
A85: Consumer and Industrial | B85: - | C85: - | D85: - | E85: - | F85: 567 | G85: - | H85: - | I85: - | J85: 970 | K85: 1034 | L85: - | M85: - | N85: - | O85: - | P85: - | Q85: - | R85: - | S85: - | T85: - | U85: -
A86: Infrastructure (Energy and Transportation) | B86: - | C86: - | D86: - | E86: - | F86: - | G86: 7362 | H86: 6797 | I86: 7711 | J86: - | K86: - | L86: - | M86: - | N86: - | O86: - | P86: - | Q86: - | R86: - | S86: - | T86: - | U86: -
A87: Commercial Finance (Incl. Insurance) | B87: - | C87: - | D87: - | E87: - | F87: - | G87: 2907 | H87: 3570 | I87: 4487 | J87: - | K87: - | L87: - | M87: - | N87: - | O87: - | P87: - | Q87: - | R87: - | S87: - | T87: - | U87: -
A88: GE Money | B88: - | C88: - | D88: - | E88: 1602 | F88: 1799 | G88: 2161 | H88: 2520 | I88: 2527 | J88: - | K88: - | L88: - | M88: - | N88: - | O88: - | P88: - | Q88: - | R88: - | S88: - | T88: - | U88: -
A89: Industrial (Consumer & Industrial and Advanced Materials) | B89: - | C89: - | D89: - | E89: - | F89: - | G89: 1385 | H89: 1833 | I89: 1308 | J89: - | K89: - | L89: - | M89: - | N89: - | O89: - | P89: - | Q89: - | R89: - | S89: - | T89: - | U89: -
A90: Commercial Finance | B90: - | C90: - | D90: - | E90: 2788 | F90: 3310 | G90: - | H90: - | I90: - | J90: - | K90: - | L90: - | M90: - | N90: - | O90: - | P90: - | Q90: - | R90: - | S90: - | T90: - | U90: -
A91: Plastics | B91: - | C91: - | D91: - | E91: 1166 | F91: 1000 | G91: - | H91: - | I91: - | J91: - | K91: - | L91: - | M91: - | N91: - | O91: - | P91: - | Q91: - | R91: - | S91: - | T91: - | U91: -
A92: Industrial Products | B92: - | C92: - | D92: - | E92: 377 | F92: -339 | G92: - | H92: - | I92: - | J92: - | K92: - | L92: - | M92: - | N92: - | O92: - | P92: - | Q92: - | R92: - | S92: - | T92: - | U92: -
A93: Infrastructure | B93: - | C93: - | D93: - | E93: - | F93: 297 | G93: - | H93: - | I93: - | J93: - | K93: - | L93: - | M93: - | N93: - | O93: - | P93: - | Q93: - | R93: - | S93: - | T93: - | U93: -
A94: Insurance | B94: - | C94: - | D94: - | E94: 1879 | F94: -95 | G94: - | H94: - | I94: - | J94: - | K94: - | L94: - | M94: - | N94: - | O94: - | P94: - | Q94: - | R94: - | S94: - | T94: - | U94: -
A95: Aircraft Engines | B95: - | C95: - | D95: - | E95: 2147 | F95: - | G95: - | H95: - | I95: - | J95: - | K95: - | L95: - | M95: - | N95: - | O95: - | P95: - | Q95: - | R95: - | S95: - | T95: - | U95: -
A96: Consumer Products | B96: - | C96: - | D96: - | E96: 648 | F96: - | G96: - | H96: - | I96: - | J96: - | K96: - | L96: - | M96: - | N96: - | O96: - | P96: - | Q96: - | R96: - | S96: - | T96: - | U96: -
A97: Industrial Products and Systems | B97: - | C97: - | D97: - | E97: 626 | F97: - | G97: - | H97: - | I97: - | J97: - | K97: - | L97: - | M97: - | N97: - | O97: - | P97: - | Q97: - | R97: - | S97: - | T97: - | U97: -
A98: Specialty Materials (Excl. Plastics) | B98: - | C98: - | D98: - | E98: 267 | F98: - | G98: - | H98: - | I98: - | J98: - | K98: - | L98: - | M98: - | N98: - | O98: - | P98: - | Q98: - | R98: - | S98: - | T98: - | U98: -
A99: GECS | B99: - | C99: - | D99: - | E99: -508 | F99: - | G99: - | H99: - | I99: - | J99: - | K99: - | L99: - | M99: - | N99: - | O99: - | P99: - | Q99: - | R99: - | S99: - | T99: - | U99: -
A100: Total Operating Profit After Tax | B100: - | C100: - | D100: - | E100: 19158 | F100: 18547 | G100: 17514 | H100: 19564 | I100: 21726 | J100: 25112 | K100: 29084 | L100: 25516 | M100: 15616 | N100: 17250 | O100: 20548 | P100: - | Q100: 16621 | R100: 18974 | S100: 9983 | T100: 16347 | U100: 7975
A102: Net Profit After Tax
A103: Corporate Items and Eliminations | B103: -584 | C103: -902 | D103: - | E103: - | F103: - | G103: - | H103: - | I103: - | J103: - | K103: - | L103: - | M103: - | N103: - | O103: - | P103: - | Q103: - | R103: - | S103: - | T103: - | U103: -
A104: Energy Infrastructure | B104: 1338 | C104: 1753 | D104: 2523 | E104: - | F104: - | G104: - | H104: - | I104: - | J104: - | K104: - | L104: - | M104: - | N104: - | O104: - | P104: - | Q104: - | R104: - | S104: - | T104: - | U104: -
A105: Technology Infrastructure | B105: 1109 | C105: 1359 | D105: 1435 | E105: - | F105: - | G105: - | H105: - | I105: - | J105: - | K105: - | L105: - | M105: - | N105: - | O105: - | P105: - | Q105: - | R105: - | S105: - | T105: - | U105: -
A106: NBC Universal | B106: 1349 | C106: 1576 | D106: 1609 | E106: - | F106: - | G106: - | H106: - | I106: - | J106: - | K106: - | L106: - | M106: - | N106: - | O106: - | P106: - | Q106: - | R106: - | S106: - | T106: - | U106: -
A107: GE Money | B107: - | C107: - | D107: 1376 | E107: - | F107: - | G107: - | H107: - | I107: - | J107: - | K107: - | L107: - | M107: - | N107: - | O107: - | P107: - | Q107: - | R107: - | S107: - | T107: - | U107: -
A108: Commercial Finance | B108: - | C108: - | D108: 2294 | E108: - | F108: - | G108: - | H108: - | I108: - | J108: - | K108: - | L108: - | M108: - | N108: - | O108: - | P108: - | Q108: - | R108: - | S108: - | T108: - | U108: -
A109: Plastics | B109: 1584 | C109: 1725 | D109: 1865 | E109: - | F109: - | G109: - | H109: - | I109: - | J109: - | K109: - | L109: - | M109: - | N109: - | O109: - | P109: - | Q109: - | R109: - | S109: - | T109: - | U109: -
A110: Industrial Products | B110: - | C110: - | D110: 465 | E110: - | F110: - | G110: - | H110: - | I110: - | J110: - | K110: - | L110: - | M110: - | N110: - | O110: - | P110: - | Q110: - | R110: - | S110: - | T110: - | U110: -
A111: Insurance | B111: - | C111: - | D111: 1642 | E111: - | F111: - | G111: - | H111: - | I111: - | J111: - | K111: - | L111: - | M111: - | N111: - | O111: - | P111: - | Q111: - | R111: - | S111: - | T111: - | U111: -
...

Sheet Sheet1
A1: For the Fiscal Period Ending | B1: 1998 | C1: 1999 | D1: =C1+1 -> 2000 | E1: =D1+1 -> 2001 | F1: =E1+1 -> 2002 | G1: =F1+1 -> 2003 | H1: =G1+1 -> 2004 | I1: =H1+1 -> 2005 | J1: =I1+1 -> 2006 | K1: =J1+1 -> 2007 | ... U1: =T1+1 -> 2017
A2: Currency | B2: USD | C2: USD | D2: USD | E2: USD | F2: USD | G2: USD | H2: USD | I2: USD | J2: USD | K2: USD | L2: USD | M2: USD | N2: USD | O2: USD | P2: USD | Q2: USD | R2: USD | S2: USD | T2: USD | U2: USD
A3: Revenues
A4: Renewable Energy | B4: 0 | C4: 0 | D4: 0 | E4: 0 | F4: 0 | G4: 0 | H4: 0 | I4: 0 | J4: 0 | K4: 0 | L4: 0 | M4: 0 | N4: 0 | O4: 0 | P4: 0 | Q4: 4824 | R4: 6399 | S4: 6273 | T4: 9033 | U4: 10280
A5: Oil & Gas | B5: 0 | C5: 0 | D5: 0 | E5: 0 | F5: 0 | G5: 0 | H5: 0 | I5: 0 | J5: 0 | K5: 0 | L5: 0 | M5: 0 | N5: 9433 | O5: 13608 | P5: 15241 | Q5: 17341 | R5: 19085 | S5: 16450 | T5: 12898 | U5: 17231
A6: Aviation | B6: 0 | C6: 0 | D6: 0 | E6: 0 | F6: 0 | G6: 0 | H6: 0 | I6: 0 | J6: 0 | K6: 0 | L6: 0 | M6: 18728 | N6: 17619 | O6: 18859 | P6: 19994 | Q6: 21911 | R6: 23990 | S6: 24660 | T6: 26261 | U6: 27375
A7: Healthcare | B7: 0 | C7: 0 | D7: 0 | E7: 8409 | F7: 8955 | G7: 10198 | H7: 13456 | I7: 15016 | J7: 0 | K7: 0 | L7: 0 | M7: 16015 | N7: 16897 | O7: 18083 | P7: 18290 | Q7: 18200 | R7: 18299 | S7: 17639 | T7: 18291 | U7: 19116
A8: Transportation | B8: 0 | C8: 0 | D8: 0 | E8: 2355 | F8: 13685 | G8: 0 | H8: 0 | I8: 0 | J8: 0 | K8: 0 | L8: 0 | M8: 3827 | N8: 3370 | O8: 4885 | P8: 5608 | Q8: 5885 | R8: 5650 | S8: 5933 | T8: 4713 | U8: 4178
A9: Lighting | B9: 0 | C9: 0 | D9: 0 | E9: 0 | F9: 0 | G9: 0 | H9: 0 | I9: 0 | J9: 0 | K9: 0 | L9: 0 | M9: 0 | N9: 0 | O9: 0 | P9: 0 | Q9: 0 | R9: 0 | S9: 8751 | T9: 4823 | U9: 1987
A10: Capital | B10: 0 | C10: 0 | D10: 0 | E10: 0 | F10: 0 | G10: 0 | H10: 0 | I10: 0 | J10: 56378 | K10: 66301 | L10: 67645 | M10: 48906 | N10: 49856 | O10: 48324 | P10: 26571 | Q10: 11267 | R10: 11320 | S10: 10801 | T10: 10905 | U10: 9070
A11: Corporate Items and Eliminations | B11: 0 | C11: 0 | D11: -2304 | E11: -2819 | F11: -1662 | G11: 5023 | H11: 4596 | I11: 3775 | J11: 2892 | K11: 4609 | L11: 2199 | M11: 17871 | N11: 14495 | O11: 2993 | P11: -1491 | Q11: -1405 | R11: -3863 | S11: -2024 | T11: -26 | U11: -3135
A12: Power | B12: 0 | C12: 0 | D12: 0 | E12: 0 | F12: 0 | G12: 0 | H12: 0 | I12: 0 | J12: 0 | K12: 0 | L12: 0 | M12: 0 | N12: 0 | O12: 0 | P12: 0 | Q12: 19315 | R12: 20580 | S12: 28903 | T12: 36795 | U12: 35990
A13: Energy Connections & Lighting | B13: 0 | C13: 0 | D13: 0 | E13: 0 | F13: 0 | G13: 0 | H13: 0 | I13: 0 | J13: 0 | K13: 0 | L13: 0 | M13: 0 | N13: 0 | O13: 0 | P13: 0 | Q13: 0 | R13: 15724 | S13: 0 | T13: 0 | U13: 0
A14: Energy Connections | B14: 0 | C14: 0 | D14: 0 | E14: 0 | F14: 0 | G14: 0 | H14: 0 | I14: 0 | J14: 0 | K14: 0 | L14: 0 | M14: 0 | N14: 5161 | O14: 6422 | P14: 7412 | Q14: 7569 | R14: 0 | S14: 0 | T14: 0 | U14: 0
A15: Appliances & Lighting | B15: 0 | C15: 0 | D15: 0 | E15: 0 | F15: 0 | G15: 0 | H15: 0 | I15: 0 | J15: 0 | K15: 0 | L15: 10117 | M15: 8443 | N15: 7957 | O15: 7693 | P15: 7967 | Q15: 8338 | R15: 0 | S15: 0 | T15: 0 | U15: 0
... A39: Total Revenues | B39: 100469 | C39: 111630 | D39: 129853 | E39: 126416 | F39: 132226 | G39: 113421 | H39: 134291 | I39: 136580 | J39: 151568 | K39: 172488 | L39: 181581 | M39: 154438 | N39: 149567 | O39: 146542 | P39: 127891 | Q39: 113245 | R39: 117184 | S39: 117386 | T39: 123693 | U39: 122092
B42: =B1 -> 1998 | C42: =C1 -> 1999 | D42: =D1 -> 2000 | E42: =E1 -> 2001 | F42: =F1 -> 2002 | G42: =G1 -> 2003 | H42: =H1 -> 2004 | I42: =I1 -> 2005 | ... U42: =U1 -> 2017
A43: GE Capital | B43: =B10+B22+B23+B25+B29+B34 -> 48694 | C43: =C10+C22+C23+C25+C29+C34 -> 55749 | D43: =D10+D22+D23+D25+D29+D34 -> 61208 | E43: =E10+E22+E23+E25+E29+E34 -> 53952 | F43: =F10+F22+F23+F25+F29+F34 -> 53154 | G43: =G10+G22+G23+G25+G29+G34 -> 29772 | H43: =H10+H22+H23+H25+H29+H34 -> 35258 | I43: =I10+I22+I23+I25+I29+I34 -> 44345 | ... U43: =U10+U22+U23+U25+U29+U34 -> 9070
A44: GE Industrial | B44: =B6+B8+B18+B24+B26+B27+B28+B30+B32+B7 -> 33472 | C44: =C6+C8+C18+C24+C26+C27+C28+C30+C32+C7 -> 36110 | D44: =D6+D8+D18+D24+D26+D27+D28+D30+D32+D7 -> 40574 | E44: =E6+E8+E18+E24+E26+E27+E28+E30+E32+E7 -> 39051 | F44: =F6+F8+F18+F24+F26+F27+F28+F30+F32+F7 -> 37065 | G44: =G6+G8+G18+G24+G26+G27+G28+G30+G32+G7 -> 35186 | H44: =H6+H8+H18+H24+H26+H27+H28+H30+H32+H7 -> 44178 | I44: =I6+I8+I18+I24+I26+I27+I28+I30+I32+I7 -> 32076 | ... U44: =U6+U8+U18+U24+U26+U27+U28+U30+U32+U7 -> 50669
A45: GE Power/Energy | B45: =B4+B5+B12+B13+B14+B16+B17+B21 -> 8500 | C45: =C4+C5+C12+C13+C14+C16+C17+C21 -> 10099 | D45: =D4+D5+D12+D13+D14+D16+D17+D21 -> 14861 | E45: =E4+E5+E12+E13+E14+E16+E17+E21 -> 20211 | F45: =F4+F5+F12+F13+F14+F16+F17+F21 -> 23633 | G45: =G4+G5+G12+G13+G14+G16+G17+G21-G46 -> 23566 | H45: =H4+H5+H12+H13+H14+H16+H17+H21-H46 -> 23260 | I45: =I4+I5+I12+I13+I14+I16+I17+I21-I46 -> 27839 | J45: =J4+J5+J12+J13+J14+J16+J17+J21 -> 25221 | K45: =K4+K5+K12+K13+K14+K16+K17+K21 -> 30698 | L45: =L4+L5+L12+L13+L14+L16+L17+L21 -> 43046 | M45: =M4+M5+M12+M13+M14+M16+M17+M21 -> 40648 | N45: =N4+N5+N12+N13+N14+N16+N17+N21 -> 39373 | O45: =O4+O5+O12+O13+O14+O16+O17+O21 -> 45705 | P45: =P4+P5+P12+P13+P14+P16+P17+P21 -> 50952 | Q45: =Q4+Q5+Q12+Q13+Q14+Q16+Q17+Q21 -> 49049 | ... U45: =U4+U5+U12+U13+U14+U16+U17+U21 -> 63501
A46: GE Appliances/ Consumer Products | B46: =B35+B31+B15+B20 -> 5619 | C46: =C35+C31+C15+C20 -> 5671 | D46: =D35+D31+D15+D20 -> 8717 | E46: =E35+E31+E15+E20 -> 8435 | F46: =F35+F31+F15+F20 -> 12887 | G46: 13003 | H46: 14113 | I46: 13856 | J46: =J35+J31+J15+J20 -> 13202 | K46: =K35+K31+K15+K20 -> 12663 | L46: =L35+L31+L15+L20 -> 10117 | M46: =M35+M31+M15+M20 -> 8443 | N46: =N35+N31+N15+N20 -> 7957 | O46: =O35+O31+O15+O20 -> 7693 | P46: =P35+P31+P15+P20 -> 7967 | Q46: =Q35+Q31+Q15+Q20 -> 8338 | ... U46: =U35+U31+U15+U20 -> 0
A47: GE Entertainment | B47: =B19 -> 5269 | C47: =C19 -> 5790 | D47: =D19 -> 6797 | E47: =E19 -> 5769 | F47: =F19 -> 7149 | G47: =G19 -> 6871 | H47: =H19 -> 12886 | I47: =I19 -> 14689 | ... U47: =U19 -> 0
A48: Total | B48: =SUM(B43:B47) -> 101554 | C48: =SUM(C43:C47) -> 113419 | D48: =SUM(D43:D47) -> 132157 | E48: =SUM(E43:E47) -> 127418 | F48: =SUM(F43:F47) -> 133888 | G48: =SUM(G43:G47) -> 108398 | H48: =SUM(H43:H47) -> 129695 | I48: =SUM(I43:I47) -> 132805 | ... U48: =SUM(U43:U47) -> 123240
B50: =B42 -> 1998 | C50: =C42 -> 1999 | D50: =D42 -> 2000 | E50: =E42 -> 2001 | F50: =F42 -> 2002 | G50: =G42 -> 2003 | H50: =H42 -> 2004 | I50: =I42 -> 2005 | ... U50: =U42 -> 2017
A51: =A43 -> GE Capital | B51: =B43/B$48 -> 0.47948874 | C51: =C43/C$48 -> 0.4915314 | D51: =D43/D$48 -> 0.46314611 | E51: =E43/E$48 -> 0.42342526 | F51: =F43/F$48 -> 0.39700347 | G51: =G43/G$48 -> 0.27465451 | H51: =H43/H$48 -> 0.27185319 | I51: =I43/I$48 -> 0.33391062 | ... U51: =U43/U$48 -> 0.073596235
A52: =A44 -> GE Industrial | B52: =B44/B$48 -> 0.32959805 | C52: =C44/C$48 -> 0.31837699 | D52: =D44/D$48 -> 0.30701363 | E52: =E44/E$48 -> 0.30647946 | F52: =F44/F$48 -> 0.27683586 | G52: =G44/G$48 -> 0.32460008 | H52: =H44/H$48 -> 0.34062994 | I52: =I44/I$48 -> 0.24152705 | ... U52: =U44/U$48 -> 0.41114086
A53: =A45 -> GE Power/Energy | B53: =B45/B$48 -> 0.083699313 | C53: =C45/C$48 -> 0.089041519 | D53: =D45/D$48 -> 0.11244959 | E53: =E45/E$48 -> 0.15861966 | F53: =F45/F$48 -> 0.17651321 | G53: =G45/G$48 -> 0.21740254 | H53: =H45/H$48 -> 0.17934385 | I53: =I45/I$48 -> 0.20962313 | ... U53: =U45/U$48 -> 0.5152629
A54: =A46 -> GE Appliances/ Consumer Products | B54: =B46/B$48 -> 0.055330169 | C54: =C46/C$48 -> 0.050000441 | D54: =D46/D$48 -> 0.065959427 | E54: =E46/E$48 -> 0.066199438 | F54: =F46/F$48 -> 0.096252091 | G54: =G46/G$48 -> 0.11995609 | H54: =H46/H$48 -> 0.10881684 | I54: =I46/I$48 -> 0.10433342 | ... U54: =U46/U$48 -> 0
A55: =A47 -> GE Entertainment | B55: =B47/B$48 -> 0.051883727 | C55: =C47/C$48 -> 0.051049648 | D55: =D47/D$48 -> 0.051431252 | E55: =E47/E$48 -> 0.045276178 | F55: =F47/F$48 -> 0.053395375 | G55: =G47/G$48 -> 0.063386778 | H55: =H47/H$48 -> 0.099356182 | I55: =I47/I$48 -> 0.11060578 | ... U55: =U47/U$48 -> 0

Sheet 2017 Breakdown
A1: Business | B1: Revenues- 2017 | C1: Revenue Growth in 2017 | D1: EBIT before G&A | E1: EBIT after G&A | F1: EBIT Margin | G1: Invested Capital | H1: ROIC in 2017 | I1: ROIC: 2013-2017 | J1: Cost of capital | K1: EV/Sa;es | L1: Estimated Value
A2: Power | B2: =36 -> 36 | C2: =36/36.6-1 -> -0.016393443 | D2: 2.8 | E2: =Sheet4!C2/1000 -> 1.6858883 | F2: =E2/B2 -> 0.04683023 | G2: =Sheet4!F2/100 -> 328.33891 | H2: =Sheet4!G2 -> 0.038509484 | I2: ='SOTP Valuation'!H5 -> 0.092780734 | J2: 0.0491 | K2: 3.51 | L2: =B2*K2 -> 126.36
A3: Renewable Energy | B3: 10.3 | C3: =10.3/9-1 -> 0.14444444 | D3: 0.7 | E3: =Sheet4!C3/1000 -> 0.41224581 | F3: =E3/B3 -> 0.040023865 | G3: =Sheet4!F3/100 -> 49.911133 | H3: =Sheet4!G3 -> 0.061946972 | I3: ='SOTP Valuation'!H6 -> 0.080047494 | J3: 0.0688 | K3: 8.4 | L3: =B3*K3 -> 86.52
A4: Oil & Gas | B4: 17.2 | C4: =17.2/12.9-1 -> 0.33333333 | D4: 0.2 | E4: =Sheet4!C4/1000 -> -0.30560894 | F4: =E4/B4 -> -0.017767962 | G4: =Sheet4!F4/100 -> 275.95368 | H4: =Sheet4!G4 -> -0.0083059846 | I4: ='SOTP Valuation'!H7 -> 0.037103729 | J4: 0.0882 | K4: 1.02 | L4: =B4*K4 -> 17.544
A5: Aviation | B5: 27.4 | C5: =27.4/26.3-1 -> 0.041825095 | D5: 6.6 | E5: =Sheet4!C5/1000 -> 5.8046927 | F5: =E5/B5 -> 0.2118501 | G5: =Sheet4!F5/100 -> 192.72538 | H5: =Sheet4!G5 -> 0.22589238 | I5: ='SOTP Valuation'!H8 -> 0.2027215 | J5: 0.0852 | K5: 1.56 | L5: =B5*K5 -> 42.744
A6: Healthcare | B6: 19.1 | C6: =19.1/18.3-1 -> 0.043715847 | D6: 3.4 | E6: =Sheet4!C6/1000 -> 2.8643296 | F6: =E6/B6 -> 0.1499649 | G6: =Sheet4!F6/100 -> 132.8071 | H6: =Sheet4!G6 -> 0.16175696 | I6: ='SOTP Valuation'!H9 -> 0.15068086 | J6: 0.0797 | K6: 4.79 | L6: =B6*K6 -> 91.489
A7: Transportation | B7: 4.2 | C7: =4.2/4.7-1 -> -0.10638298 | D7: 0.8 | E7: =Sheet4!C7/1000 -> 0.69565363 | F7: =E7/B7 -> 0.16563182 | G7: =Sheet4!F7/100 -> 20.725145 | H7: =Sheet4!G7 -> 0.25174262 | I7: ='SOTP Valuation'!H10 -> 0.26672822 | J7: 0.0749 | K7: 1.54 | L7: =B7*K7 -> 6.468
A8: Lighting | B8: 2 | C8: =2/4.8-1 -> -0.58333333 | D8: 0.1 | E8: =Sheet4!C8/1000 -> 0.031882682 | F8: =E8/B8 -> 0.015941341 | G8: =Sheet4!F8/100 -> 3.3418719 | H8: =Sheet4!G8 -> 0.071552747 | I8: ='SOTP Valuation'!H11 -> 0.096563329 | J8: 0.085 | K8: 1.78 | L8: =B8*K8 -> 3.56
A9: Capital | B9: 9.1 | C9: =9.1/10.9-1 -> -0.16513761 | D9: -6.8 | E9: =Sheet4!C9/1000 -> -7.0430838 | F9: =E9/B9 -> -0.77396525 | G9: =Sheet4!F9/100 -> 723.37678 | H9: =Sheet4!G9 -> -0.07302298 | I9: -0.0281 | J9: 0.0364 | K9: 2.28 | L9: =B9*K9 -> 20.748
A10: Total | B10: =SUM(B2:B9) -> 125.3 | C10: =125.3/123.7-1 -> 0.012934519 | D10: =SUM(D2:D9) -> 7.8 | E10: =Sheet4!C10/1000 -> 4.146 | F10: =E10/B10 -> 0.033088587 | G10: =Sheet4!F10/100 -> 1727.18 | H10: =Sheet4!G10 -> 0.018003335 | I10: 0.045 | J10: =(J2*L2+J3*L3+J4*M4*L4+J5*L5+J6*L6+J7*L7+J8*L8+J9*L9)/L10 -> 0.062292713 | L10: =SUM(L2:L9) -> 395.433
A11: Corporate Expenses | D11: =7871-4042 -> 3829

Sheet Sheet4
A1: ='2017 Breakdown'!A1 -> Business | B1: Operating Income | C1: Operating Income after allocated costs | D1: After-tax Operating Income | E1: Assets | F1: Invested Capital | G1: ROIC
A2: ='2017 Breakdown'!A2 -> Power | B2: 2786 | C2: =B2-'2017 Breakdown'!$D$11*('2017 Breakdown'!B2/'2017 Breakdown'!$B$10) -> 1685.8883 | D2: =C2*(1-0.25) -> 1264.4162 | E2: 71133 | F2: =$F$10*E2/$E$10 -> 32833.891 | G2: =D2/F2 -> 0.038509484
A3: ='2017 Breakdown'!A3 -> Renewable Energy | B3: 727 | C3: =B3-'2017 Breakdown'!$D$11*('2017 Breakdown'!B3/'2017 Breakdown'!$B$10) -> 412.24581 | D3: =C3*(1-0.25) -> 309.18436 | E3: 10813 | F3: =$F$10*E3/$E$10 -> 4991.1133 | G3: =D3/F3 -> 0.061946972
A4: ='2017 Breakdown'!A4 -> Oil & Gas | B4: 220 | C4: =B4-'2017 Breakdown'!$D$11*('2017 Breakdown'!B4/'2017 Breakdown'!$B$10) -> -305.60894 | D4: =C4*(1-0.25) -> -229.2067 | E4: 59784 | F4: =$F$10*E4/$E$10 -> 27595.368 | G4: =D4/F4 -> -0.0083059846
A5: ='2017 Breakdown'!A5 -> Aviation | B5: 6642 | C5: =B5-'2017 Breakdown'!$D$11*('2017 Breakdown'!B5/'2017 Breakdown'!$B$10) -> 5804.6927 | D5: =C5*(1-0.25) -> 4353.5196 | E5: 41753 | F5: =$F$10*E5/$E$10 -> 19272.538 | G5: =D5/F5 -> 0.22589238
A6: ='2017 Breakdown'!A6 -> Healthcare | B6: 3448 | C6: =B6-'2017 Breakdown'!$D$11*('2017 Breakdown'!B6/'2017 Breakdown'!$B$10) -> 2864.3296 | D6: =C6*(1-0.25) -> 2148.2472 | E6: 28772 | F6: =$F$10*E6/$E$10 -> 13280.71 | G6: =D6/F6 -> 0.16175696
A7: ='2017 Breakdown'!A7 -> Transportation | B7: 824 | C7: =B7-'2017 Breakdown'!$D$11*('2017 Breakdown'!B7/'2017 Breakdown'!$B$10) -> 695.65363 | D7: =C7*(1-0.25) -> 521.74022 | E7: 4490 | F7: =$F$10*E7/$E$10 -> 2072.5145 | G7: =D7/F7 -> 0.25174262
A8: ='2017 Breakdown'!A8 -> Lighting | B8: 93 | C8: =B8-'2017 Breakdown'!$D$11*('2017 Breakdown'!B8/'2017 Breakdown'!$B$10) -> 31.882682 | D8: =C8*(1-0.25) -> 23.912011 | E8: 724 | F8: =$F$10*E8/$E$10 -> 334.18719 | G8: =D8/F8 -> 0.071552747
A9: ='2017 Breakdown'!A9 -> Capital | B9: -6765 | C9: =B9-'2017 Breakdown'!$D$11*('2017 Breakdown'!B9/'2017 Breakdown'!$B$10) -> -7043.0838 | D9: =C9*(1-0.25) -> -5282.3128 | E9: 156716 | F9: =$F$10*E9/$E$10 -> 72337.678 | G9: =D9/F9 -> -0.07302298
A10: ='2017 Breakdown'!A10 -> Total | B10: =SUM(B2:B9) -> 7975 | C10: =B10-'2017 Breakdown'!D11 -> 4146 | D10: =C10*(1-0.25) -> 3109.5 | E10: =SUM(E2:E9) -> 374185 | F10: =81986+24036+1980+108575+38136-43299-38696 -> 172718 | G10: =D10/F10 -> 0.018003335

Sheet More Segment Breakdown (history
B1: 2017 | C1: 2016 | D1: 2015 | E1: 2014 | F1: 2013
A2: Revenues (in US $ millions)
A3: Power | B3: 35990 | C3: 36795 | D3: 28903 | E3: 27746 | F3: 26770 | G3: =(B3/F3)^(1/5)-1 -> 0.060978773
A4: Renewable Energy | B4: 10280 | C4: 9033 | D4: 6273 | E4: 6399 | F4: 4824 | G4: =(B4/F4)^(1/5)-1 -> 0.16336813
A5: Oil & Gas | B5: 17231 | C5: 12898 | D5: 16450 | E5: 19085 | F5: 17341 | G5: =(B5/F5)^(1/5)-1 -> -0.001271901
A6: Aviation | B6: 27375 | C6: 26261 | D6: 24660 | E6: 23990 | F6: 21911 | G6: =(B6/F6)^(1/5)-1 -> 0.045534543
A7: Healthcare | B7: 19116 | C7: 18291 | D7: 17639 | E7: 18299 | F7: 18200 | G7: =(B7/F7)^(1/5)-1 -> 0.0098691998
A8: Transportation | B8: 4178 | C8: 4713 | D8: 5933 | E8: 5650 | F8: 5885 | G8: =(B8/F8)^(1/5)-1 -> -0.066220374
A9: Lighting(a) | B9: 1987 | C9: 4823 | D9: 8751 | E9: 8404 | F9: 8338 | G9: =(B9/F9)^(1/5)-1 -> -0.24936779
A10: Total Industrial Revenues | B10: 116157 | C10: 112814 | D10: 108609 | E10: 109574 | F10: 103269 | G10: =(B10/F10)^(1/5)-1 -> 0.023799901
A11: Capital | B11: 9070 | C11: 10905 | D11: 10801 | E11: 11320 | F11: 11267 | G11: =(B11/F11)^(1/5)-1 -> -0.042453665
A12: Total | B12: 125227 | C12: 123719 | D12: 119410 | E12: 120894 | F12: 114536 | G12: =(B12/F12)^(1/5)-1 -> 0.018008005
A13: Corporate eliminations | B13: -3135 | C13: -26 | D13: -2024 | E13: -3709 | F13: -1292 | G13: =(B13/F13)^(1/5)-1 -> 0.19397438
A14: Consolidated | B14: 122092 | C14: 123693 | D14: 117386 | E14: 117184 | F14: 113245 | G14: =(B14/F14)^(1/5)-1 -> 0.015157983
A15: Segment Operating Profit (in US $ millions)
A16: Power | B16: 2786 | C16: 5091 | D16: 4772 | E16: 4731 | F16: 4437
A17: Renewable Energy | B17: 727 | C17: 576 | D17: 431 | E17: 694 | F17: 485
A18: Oil & Gas | B18: 220 | C18: 1392 | D18: 2427 | E18: 2758 | F18: 2357
A19: Aviation | B19: 6642 | C19: 6115 | D19: 5507 | E19: 4973 | F19: 4345
A20: Healthcare | B20: 3448 | C20: 3161 | D20: 2882 | E20: 3047 | F20: 3048
A21: Transportation | B21: 824 | C21: 1064 | D21: 1273 | E21: 1130 | F21: 1166
A22: Lighting(a) | B22: 93 | C22: 199 | D22: 674 | E22: 431 | F22: 381
A23: Total Industrial Profits | B23: =SUM(B16:B22) -> 14740 | C23: =SUM(C16:C22) -> 17598 | D23: =SUM(D16:D22) -> 17966 | E23: =SUM(E16:E22) -> 17764 | F23: =SUM(F16:F22) -> 16219
A24: Capital | B24: -6765 | C24: -1251 | D24: -7963 | E24: 1209 | F24: 401
A25: Total Segment Profit | B25: =B23+B24 -> 7975 | C25: =C23+C24 -> 16347 | D25: =D23+D24 -> 10003 | E25: =E23+E24 -> 18973 | F25: =F23+F24 -> 16620
A26: Corporate eliminations | B26: -7871 | C26: -4226 | D26: -5108 | E26: -6225 | F26: -6002
A27: GE Profits | B27: =B25+B26 -> 104 | C27: =C25+C26 -> 12121 | D27: =D25+D26 -> 4895 | E27: =E25+E26 -> 12748 | F27: =F25+F26 -> 10618
A28: Operating Profit Margin
A29: Power | B29: =B16/B3 -> 0.077410392 | C29: =C16/C3 -> 0.13836119 | D29: =D16/D3 -> 0.16510397 | E29: =E16/E3 -> 0.17051106 | F29: =F16/F3 -> 0.16574524 | G29: =AVERAGE(B29:F29) -> 0.14342637
A30: Renewable Energy | B30: =B17/B4 -> 0.070719844 | C30: =C17/C4 -> 0.063766191 | D30: =D17/D4 -> 0.068707158 | E30: =E17/E4 -> 0.10845445 | F30: =F17/F4 -> 0.10053897 | G30: =AVERAGE(B30:F30) -> 0.082437322
A31: Oil & Gas | B31: =B18/B5 -> 0.012767686 | C31: =C18/C5 -> 0.10792371 | D31: =D18/D5 -> 0.14753799 | E31: =E18/E5 -> 0.1445114 | F31: =F18/F5 -> 0.13592065 | G31: =AVERAGE(B31:F31) -> 0.10973229
A32: Aviation | B32: =B19/B6 -> 0.24263014 | C32: =C19/C6 -> 0.2328548 | D32: =D19/D6 -> 0.22331711 | E32: =E19/E6 -> 0.20729471 | F32: =F19/F6 -> 0.19830222 | G32: =AVERAGE(B32:F32) -> 0.2208798
A33: Healthcare | B33: =B20/B7 -> 0.18037246 | C33: =C20/C7 -> 0.17281723 | D33: =D20/D7 -> 0.16338795 | E33: =E20/E7 -> 0.16651183 | F33: =F20/F7 -> 0.16747253 | G33: =AVERAGE(B33:F33) -> 0.1701124
A34: Transportation | B34: =B21/B8 -> 0.19722355 | C34: =C21/C8 -> 0.22575854 | D34: =D21/D8 -> 0.21456262 | E34: =E21/E8 -> 0.2 | F34: =F21/F8 -> 0.19813084 | G34: =AVERAGE(B34:F34) -> 0.20713511
A35: Lighting(a) | B35: =B22/B9 -> 0.046804227 | C35: =C22/C9 -> 0.041260626 | D35: =D22/D9 -> 0.077019769 | E35: =E22/E9 -> 0.051285102 | F35: =F22/F9 -> 0.045694411 | G35: =AVERAGE(B35:F35) -> 0.052412827
A36: Total Industrial Profits | B36: =B23/B10 -> 0.12689722 | C36: =C23/C10 -> 0.15599128 | D36: =D23/D10 -> 0.16541907 | E36: =E23/E10 -> 0.16211875 | F36: =F23/F10 -> 0.15705584 | G36: =AVERAGE(B36:F36) -> 0.15349643
A37: Capital | B37: =B24/B11 -> -0.74586549 | C37: =C24/C11 -> -0.11471802 | D37: =D24/D11 -> -0.73724655 | E37: =E24/E11 -> 0.10680212 | F37: =F24/F11 -> 0.035590663 | G37: =AVERAGE(B37:F37) -> -0.29108746
A38: Total Segment Profit | B38: =B25/B12 -> 0.063684349 | C38: =C25/C12 -> 0.13213007 | D38: =D25/D12 -> 0.083770204 | E38: =E25/E12 -> 0.15693914 | F38: =F25/F12 -> 0.14510722 | G38: =AVERAGE(B38:F38) -> 0.11632619

Sheet SOTP Valuation
A2: Riskfree Rate = | B2: 0.032
A4: ='2017 Breakdown'!A1 -> Business | B4: Revenues | C4: Normalized Operating Margin | D4: Normalized EBIT before G&A | E4: Normalized EBIT | F4: Normalized EBIT (1-t) | G4: Cost of Capital | H4: ROIC | I4: Expected growth next 5 years | J4: Value of Business
A5: ='2017 Breakdown'!A2 -> Power | B5: ='More Segment Breakdown (history'!B3 -> 35990 | C5: ='More Segment Breakdown (history'!G29 -> 0.14342637 | D5: =B5*C5 -> 5161.9151 | E5: =D5-('2017 Breakdown'!$D$11*('2017 Breakdown'!B2/'2017 Breakdown'!$B$10)) -> 4061.8033 | F5: =E5*(1-0.25) -> 3046.3525 | G5: ='2017 Breakdown'!J2 -> 0.0491 | H5: =F5/('2017 Breakdown'!G2*100) -> 0.092780734 | I5: ='More Segment Breakdown (history'!G3 -> 0.060978773 | J5: =F5*(1+I5)*(1-I5/H5)*(1-(1+I5)^5/(1+G5)^5)/(G5-I5)+((F5*(1+I5)^5*(1+$B$2)*(1-$B$2/G5))/(G5-$B$2))/(1+G5)^5 -> 73138.182
A6: ='2017 Breakdown'!A3 -> Renewable Energy | B6: ='More Segment Breakdown (history'!B4 -> 10280 | C6: ='More Segment Breakdown (history'!G30 -> 0.082437322 | D6: =B6*C6 -> 847.45567 | E6: =D6-('2017 Breakdown'!$D$11*('2017 Breakdown'!B3/'2017 Breakdown'!$B$10)) -> 532.70148 | F6: =E6*(1-0.25) -> 399.52611 | G6: ='2017 Breakdown'!J3 -> 0.0688 | H6: =F6/('2017 Breakdown'!G3*100) -> 0.080047494 | I6: ='More Segment Breakdown (history'!G4 -> 0.16336813 | J6: =F6*(1+I6)*(1-I6/H6)*(1-(1+I6)^5/(1+G6)^5)/(G6-I6)+((F6*(1+I6)^5*(1+$B$2)*(1-$B$2/G6))/(G6-$B$2))/(1+G6)^5 -> 6455.8803
A7: ='2017 Breakdown'!A4 -> Oil & Gas | B7: ='More Segment Breakdown (history'!B5 -> 17231 | C7: ='More Segment Breakdown (history'!G31 -> 0.10973229 | D7: =B7*C7 -> 1890.797 | E7: =D7-('2017 Breakdown'!$D$11*('2017 Breakdown'!B4/'2017 Breakdown'!$B$10)) -> 1365.1881 | F7: =E7*(1-0.25) -> 1023.8911 | G7: ='2017 Breakdown'!J4 -> 0.0882 | H7: =F7/('2017 Breakdown'!G4*100) -> 0.037103729 | I7: ='More Segment Breakdown (history'!G5 -> -0.001271901 | J7: =F7*(1+I7)*(1-I7/H7)*(1-(1+I7)^5/(1+G7)^5)/(G7-I7)+((F7*(1+I7)^5*(1+$B$2)*(1-$B$2/G7))/(G7-$B$2))/(1+G7)^5 -> 11924.662
A8: ='2017 Breakdown'!A5 -> Aviation | B8: ='More Segment Breakdown (history'!B6 -> 27375 | C8: ='More Segment Breakdown (history'!G32 -> 0.2208798 | D8: =B8*C8 -> 6046.5844 | E8: =D8-('2017 Breakdown'!$D$11*('2017 Breakdown'!B5/'2017 Breakdown'!$B$10)) -> 5209.2772 | F8: =E8*(1-0.25) -> 3906.9579 | G8: ='2017 Breakdown'!J5 -> 0.0852 | H8: =F8/('2017 Breakdown'!G5*100) -> 0.2027215 | I8: ='More Segment Breakdown (history'!G6 -> 0.045534543 | J8: =F8*(1+I8)*(1-I8/H8)*(1-(1+I8)^5/(1+G8)^5)/(G8-I8)+((F8*(1+I8)^5*(1+$B$2)*(1-$B$2/G8))/(G8-$B$2))/(1+G8)^5 -> 52849.349
A9: ='2017 Breakdown'!A6 -> Healthcare | B9: ='More Segment Breakdown (history'!B7 -> 19116 | C9: ='More Segment Breakdown (history'!G33 -> 0.1701124 | D9: =B9*C9 -> 3251.8686 | E9: =D9-('2017 Breakdown'!$D$11*('2017 Breakdown'!B6/'2017 Breakdown'!$B$10)) -> 2668.1983 | F9: =E9*(1-0.25) -> 2001.1487 | G9: ='2017 Breakdown'!J6 -> 0.0797 | H9: =F9/('2017 Breakdown'!G6*100) -> 0.15068086 | I9: ='More Segment Breakdown (history'!G7 -> 0.0098691998 | J9: =F9*(1+I9)*(1-I9/H9)*(1-(1+I9)^5/(1+G9)^5)/(G9-I9)+((F9*(1+I9)^5*(1+$B$2)*(1-$B$2/G9))/(G9-$B$2))/(1+G9)^5 -> 26233.797
A10: ='2017 Breakdown'!A7 -> Transportation | B10: ='More Segment Breakdown (history'!B8 -> 4178 | C10: ='More Segment Breakdown (history'!G34 -> 0.20713511 | D10: =B10*C10 -> 865.41049 | E10: =D10-('2017 Breakdown'!$D$11*('2017 Breakdown'!B7/'2017 Breakdown'!$B$10)) -> 737.06412 | F10: =E10*(1-0.25) -> 552.79809 | G10: ='2017 Breakdown'!J7 -> 0.0749 | H10: =F10/('2017 Breakdown'!G7*100) -> 0.26672822 | I10: ='More Segment Breakdown (history'!G8 -> -0.066220374 | J10: =F10*(1+I10)*(1-I10/H10)*(1-(1+I10)^5/(1+G10)^5)/(G10-I10)+((F10*(1+I10)^5*(1+$B$2)*(1-$B$2/G10))/(G10-$B$2))/(1+G10)^5 -> 6075.2638
A11: ='2017 Breakdown'!A8 -> Lighting | B11: ='More Segment Breakdown (history'!B9 -> 1987 | C11: ='More Segment Breakdown (history'!G35 -> 0.052412827 | D11: =B11*C11 -> 104.14429 | E11: =D11-('2017 Breakdown'!$D$11*('2017 Breakdown'!B8/'2017 Breakdown'!$B$10)) -> 43.026969 | F11: =E11*(1-0.25) -> 32.270227 | G11: ='2017 Breakdown'!J8 -> 0.085 | H11: =F11/('2017 Breakdown'!G8*100) -> 0.096563329 | I11: ='More Segment Breakdown (history'!G9 -> -0.24936779 | J11: =F11*(1+I11)*(1-I11/H11)*(1-(1+I11)^5/(1+G11)^5)/(G11-I11)+((F11*(1+I11)^5*(1+$B$2)*(1-$B$2/G11))/(G11-$B$2))/(1+G11)^5 -> 280.48983
A12: Total (non-capital) | B12: =SUM(B5:B11) -> 116157 | C12: ='More Segment Breakdown (history'!G36 -> 0.15349643 | D12: =B12*C12 -> 17829.685 | E12: =D12-('2017 Breakdown'!$D$11*('2017 Breakdown'!B9/'2017 Breakdown'!$B$10)) -> 17551.601 | F12: =E12*(1-0.25) -> 13163.701 | J12: =SUM(J5:J11) -> 176957.62
A13: GE Capital | B13: ='More Segment Breakdown (history'!B11 -> 9070 | C13: 0.03 | D13: =B13*C13 -> 272.1 | E13: =D13-('2017 Breakdown'!$D$11*('2017 Breakdown'!B9/'2017 Breakdown'!$B$10)) -> -5.9837989 | F13: =E13*(1-0.25) -> -4.4878492 | G13: ='2017 Breakdown'!J10 -> 0.062292713 | H13: =F13/('2017 Breakdown'!G10*100) -> -2.598368e-05 | I13: ='More Segment Breakdown (history'!G11 -> -0.042453665 | J13: =F13*(1+I13)*(1-I13/H13)*(1-(1+I13)^5/(1+G13)^5)/(G13-I13)+((F13*(1+I13)^5*(1+$B$2)*(1-$B$2/G13))/(G13-$B$2))/(1+G13)^5 -> 27080.962
A14: Value of businesses | J14: =J12+J13 -> 204038.59
A15: - Debt | J15: =14548+67040+1980 -> 83568
A16: - GE Capital Debt | J16: =9488+41535 -> 51023
A17: - Minority Interests | J17: 17723
A18: + Cash | J18: 43299
A19: Value of equity | J19: =J14-J15-J16-J17+J18 -> 95023.586
A20: - Employee Options | J20: 218.94
A21: Value of equity in common stock | J21: =J19-J20 -> 94804.646
A22: Value per share | J22: =J21/8680 -> 10.922194
